 Dungeon Crawl Stone Soup version 0.25-a0-435-g4b9beb1024 (webtiles) character file.

Game seed: 7196725634032564801, levelgen mode: deterministic

3320 Emblim88 the Stinger (level 9, -4/84 HPs)
             Began as a Troll Venom Mage on Jan 28, 2020.
             Was an Elder of Fedhas.
             Slain by a hippogriff (9 damage)
             ... on level 7 of the Dungeon.
             The game lasted 00:21:49 (5738 turns).

Emblim88 the Stinger (Troll Venom Mage)             Turns: 5738, Time: 00:21:51

Health: -4/84      AC: -10   Str: 18    XL:     9   Next: 71%
Magic:  0/13       EV: 11    Int: 14    God:    Fedhas [****..]
Gold:   332        SH:  0    Dex: 10    Spells: 4/14 levels left

rFire    . . .     SeeInvis .     - Unarmed
rCold    . . .     Gourm    +   (no shield)
rNeg     . . .     Faith    .   a - +0 robe
rPois    +         Spirit   +   B - +0 hat
rElec    .         Reflect  .   y - scarf {Spirit}
rCorr    .         Harm     +   (gloves unavailable)
MR       .....                  (boots unavailable)
Stlth    +.........             o - amulet of harm
HPRegen  0.64/turn              s - ring of poison resistance
MPRegen  0.13/turn              z - +1 ring of evasion

@: corroded
A: large, unfitting armour, claws 3, fast metabolism 3, gourmand, regeneration
1, shaggy fur 1, tough skin 3
a: Wall of Briars, Grow Ballistomycete, Overgrow, Renounce Religion


You were on level 7 of the Dungeon.
You worshipped Fedhas.
Fedhas was greatly pleased with you.
You were very full.

You visited 1 branch of the dungeon, and saw 8 of its levels.
You also visited: Ossuary.

You collected 380 gold pieces.
You spent 48 gold pieces at shops.

Inventory:

Missiles
 d - 209 stones (quivered)
 q - 5 boomerangs
Armour
 a - a +0 robe (worn)
 y - a scarf of spirit shield (worn)
 B - a +0 hat (worn)
Jewellery
 f - an uncursed ring of flight
 o - an amulet of harm (around neck)
 s - a ring of poison resistance (left claw)
 z - a +1 ring of evasion (right claw)
 E - a +1 ring of evasion
Wands
 i - a wand of disintegration (12)
 t - a wand of random effects (33)
Scrolls
 e - 13 scrolls of remove curse
 k - 2 scrolls of teleportation
 l - 5 scrolls of identify
 m - a scroll of fog {unknown}
 v - a scroll of fear {unknown}
 w - 2 scrolls of holy word {unknown}
 x - a scroll of random uselessness {unknown}
 A - 2 scrolls of amnesia {unknown}
 C - a scroll of noise {unknown}
Potions
 b - 2 potions of lignification
 g - 2 potions of cancellation {unknown}
 h - 2 potions of flight {unknown}
 n - 2 potions of berserk rage
 p - a potion of degeneration
 r - a potion of mutation
 u - 2 potions of haste {unknown}
 D - 2 potions of agility {unknown}
 G - a potion of brilliance {unknown}
Comestibles
 c - 10 rations
 j - 4 chunks of flesh


   Skills:
 + Level 4.1 Fighting
 - Level 0.6 Throwing
 - Level 2.1 Dodging
 - Level 1.0 Stealth
 + Level 4.8 Unarmed Combat
 + Level 3.4 Spellcasting
 + Level 3.9 Transmutations
 * Level 6.0 Poison Magic
 + Level 4.2 Invocations


You had 4 spell levels left.
You knew the following spells:

 Your Spells              Type           Power        Failure   Level  Hunger
a - Sting                 Tmut/Pois      ###.         2%          1    #......
b - Poisonous Vapours     Pois/Air       ##....       9%          2    ##.....
c - Olgreb's Toxic Radia  Pois           ###.....     17%         4    #####..
d - Ignite Poison         Fire/Tmut/Pois ##......     16%         3    ###....

Your spell library contained the following spells:

 Spells                   Type           Power        Failure   Level  Hunger
 Corona                   Hex            #......      21%         1    #......
 Shock                    Conj/Air       #...         21%         1    #......
 Mephitic Cloud           Conj/Pois/Air  #.......     26%         3    ###....
 Ensorcelled Hibernation  Hex/Ice        #.....       30%         2    ##.....
 Swiftness                Chrm/Air       #.......     30%         2    ##.....
 Confusing Touch          Hex            #.......     52%         3    ###....
 Dazzling Flash           Conj/Hex       #.....       52%         3    ###....
 Static Discharge         Conj/Air       #.......     52%         3    ###....
 Tukima's Dance           Hex            #.......     52%         3    ###....
 Airstrike                Air            #.........   90%         4    #####..
 Lightning Bolt           Conj/Air       #.........   99%         5    ######.


Dungeon Overview and Level Annotations

Branches:
Dungeon (8/15)             Temple (0/1) D:4         Ossuary (visited)
   Lair: D:8-11

Altars:
Cheibriados
Dithmenos
Elyvilon
Fedhas
Hepliaklqana
Qazlal
Ru
The Shining One

Shops:
D:6 =   D:7 [

Annotations:
D:7 4 runed translucent doors


Innate Abilities, Weirdness & Mutations

You are too large for most types of armour.
You have claws for hands.
Your metabolism is lightning-fast.
You like to eat raw meat.
Your natural rate of healing is unusually fast.
You are covered in fur. (AC +1)
You have extremely tough skin. (AC +3)


Message History

Casting: Poisonous Vapours (safe; 9% risk of failure)
Confirm with . or Enter, or press ? or * to list all spells.
You don't have enough magic to cast that spell.
Unknown command.
The hippogriff looks more healthy.
You scratch the hippogriff but do no damage.
The hippogriff is severely wounded.
The hippogriff bites you!
* * * LOW HITPOINT WARNING * * *
The hippogriff pecks you.
* * * LOW HITPOINT WARNING * * *
The hippogriff claws you!
* * * LOW HITPOINT WARNING * * *
You claw the hippogriff!
The hippogriff is almost dead.
The hippogriff bites you.
* * * LOW HITPOINT WARNING * * *
The hippogriff pecks you!
You die...
Fedhas appreciates your contribution to the ecosystem.

...................รท...#
#
##.......)..#...##...###
# ...###.###....#.######
.##.........##...#
.##.##.###..##.#.#
)...##.###.##..#.#
..#........##.##.#
#...##.######. #<# ######
..####.# #@# ##..... ###
#.# #H# #..#### #.#
#.##########.##... ...
#.##.........#.### ..#
#............##.# ..#
##....##++##.')## ..##
##..##8Sh8#####
#..#8.l..8# ##.#:....$#


You could see a hippogriff.

Vanquished Creatures
  Harold (D:8)
  2 orc warriors
  An ice beast (D:5)
  An ogre (D:8)
  A centaur (D:7)
  A big kobold (D:8)
  9 scorpions (Ossuary)
  A vampire bat (D:6)
  4 crimson imps
  5 centaur zombies
  2 bullfrog zombies
  A hound (D:4)
  3 jellies
  6 orc wizards
  6 orc priests
  3 human zombies (Ossuary)
  An iguana (D:7)
  7 worker ants
  3 big kobold zombies (Ossuary)
  A centaur simulacrum (D:8)
  3 mummies (Ossuary)
  A hound skeleton (D:8)
  A worker ant zombie (D:7)
  11 adders
  3 scorpion zombies (Ossuary)
  3 shadow imps
  A white imp (D:8)
  An ooze (D:1)
  An adder skeleton (D:6)
  2 worms
  4 dart slugs
  5 leopard geckos
  29 orcs
  A ball python (D:2)
  18 bats
  8 giant cockroaches
  12 hobgoblins
  13 jackals
  19 kobolds
  4 quokkas
  A ball python skeleton (D:5)
  5 frilled lizards
  3 gnoll zombies (Ossuary)
  15 goblins
  A goblin zombie (Ossuary)
  3 hobgoblin zombies (Ossuary)
  3 kobold zombies (Ossuary)
  A leopard gecko zombie (D:6)
  6 rats
237 creatures vanquished.

Vanquished Creatures (others)
  A scorpion (Ossuary)
1 creature vanquished.

Grand Total: 238 creatures vanquished

Notes
Turn   | Place    | Note
-------+----------+-------------------------------------------
     0 | D:1      | Emblim88 the Troll Venom Mage began the quest for the Orb.
     0 | D:1      | Reached XP level 1. HP: 16/16 MP: 1/1
    91 | D:1      | Reached XP level 2. HP: 23/24 MP: 3/3
   119 | D:1      | Learned a level 2 spell: Poisonous Vapours
   164 | D:1      | Reached skill level 1 in Transmutations
   267 | D:1      | Reached XP level 3. HP: 32/32 MP: 4/4
   683 | D:2      | Reached skill level 1 in Fighting
   743 | D:2      | Reached XP level 4. HP: 41/41 MP: 5/5
   880 | D:2      | Found a shadowy altar of Dithmenos.
  1210 | D:2      | Found a blossoming altar of Fedhas.
  1217 | D:2      | Became a worshipper of Fedhas Madash
  1292 | D:2      | Reached skill level 1 in Unarmed Combat
  1595 | D:3      | Reached XP level 5. HP: 33/48 MP: 6/6
  1645 | D:3      | Reached * piety under Fedhas
  1952 | D:3      | Learned a level 4 spell: Olgreb's Toxic Radiance
  1972 | D:4      | Reached skill level 3 in Poison Magic
  2009 | D:4      | Reached XP level 6. HP: 45/55 MP: 1/7
  2150 | D:4      | Reached skill level 1 in Invocations
  2322 | D:4      | Found a white marble altar of Elyvilon.
  2480 | D:4      | Found a stormy altar of Qazlal.
  2624 | D:4      | Found a staircase to the Ecumenical Temple.
  2670 | D:5      | Entered Level 5 of the Dungeon
  2723 | D:5      | Noticed an ice beast
  2731 | D:5      | Killed an ice beast
  2731 | D:5      | Reached ** piety under Fedhas
  2731 | D:5      | Reached XP level 7. HP: 19/65 MP: 9/9
  2902 | D:5      | Learned a level 3 spell: Ignite Poison
  3155 | D:5      | Reached skill level 4 in Poison Magic
  3379 | D:5      | Found a glowing golden altar of the Shining One.
  3379 | D:5      | Found a sacrificial altar of Ru.
  4127 | D:6      | Found Fearib's Jewellery Shop.
  4139 | D:6      | Reached XP level 8. HP: 74/74 MP: 10/10
  4164 | D:6      | Reached *** piety under Fedhas
  4456 | D:7      | Found a snail-covered altar of Cheibriados.
  4479 | D:7      | Found Qozeckahuas's Armour Emporium.
  4487 | D:7      | Bought a +0 hat for 48 gold pieces
  4525 | D:7      | You fall into a shaft and drop 1 floor!
  4549 | D:8      | Noticed Harold
  4558 | D:8      | Killed Harold
  4558 | D:8      | Reached skill level 5 in Poison Magic
  4588 | D:8      | Found a sand-covered staircase.
  4594 | Ossuary  | Entered an ossuary
  4617 | Ossuary  | Reached XP level 9. HP: 64/83 MP: 9/12
  4853 | Ossuary  | Reached **** piety under Fedhas
  5531 | D:7      | Reached skill level 6 in Poison Magic
  5538 | D:7      | Found a hazy altar of Hepliaklqana.
  5651 | D:7      | Found a large runed translucent door.
  5651 | D:7      | Found a large runed translucent door.
  5659 | D:7      | Found a large runed translucent door.
  5659 | D:7      | Found a large runed translucent door.
  5738 | D:7      | Slain by a hippogriff

Levels and vault maps discovered:
D:1:      dpeg_arrival_rooms_a, layout_rooms, minmay_octomino_c4
D:2:      layout_loops_ring, nicolae_overflow_crystal_walls, fedhas_altar_2
D:3:      layout_rooms, grunt_ministairs_11
D:4:      layout_cave_pools, elyvilon_altar_3, temple_statues,
          serial_column_ruins, column_ruins_columns_water,
          column_ruins_open_small, column_ruins_open_tiny,
          nicolae_qazlal_general_emergency
D:5:      layout_rooms, gammafunk_temple_overflow_pools, first_ration
D:6:      layout_basic, serial_shops, nicolae_shop_stone, roderic_batcave,
          hex_tiny, st_stairs_8
D:7:      layout_rooms, overflow_temple_1_default, kennysheep_little_box,
          lemuel_crystal_altar, serial_shops, shop,
          minmay_hollow_rounded_squares
D:8:      layout_loops_ring, lemuel_coloured_pillars_altar,
          lightli_ossuary_entry_decrepit_ruins, serial_ice, serial_ice_i,
          serial_ice_g, serial_ice_m, serial_ice_b, uniq_harold,
          uniq_prince_ribbit1

Skill      XL: |  1  2  3  4  5  6  7  8  9 |
---------------+----------------------------+-----
Transmutations | 1 2 3 |  3.9
Fighting       | 1 2 3 4 |  4.1
Dodging        | 2 |  2.1
Unarmed Combat | 1 2 3 4 |  4.8
Poison Magic   | 3 4 5 6 |  6.0
Invocations    | 1 2 3 4 |  4.2
Spellcasting   | 2 3 |  3.4
Throwing       | |  0.6
Stealth        | |  1.0

Action                   |  1- 3 |  4- 6 |  7- 9 || total
-------------------------+-------+-------+-------++-------
Melee: Unarmed           |   126 |   252 |   398 ||   776
       Punch             |       |       |     7 ||     7
Throw: Stone             |       |       |     9 ||     9
 Cast: Poisonous Vapours |       |     3 |     6 ||     9
       Olgreb's Toxic Ra |       |       |     7 ||     7
  Use: Potion            |       |     1 |     7 ||     8
       Scroll            |       |       |    10 ||    10
 Stab: Sleeping          |     1 |    12 |     2 ||    15
  Eat: Chunk             |    12 |    18 |    31 ||    61
Armor: Robe              |    43 |   155 |   132 ||   330
Dodge: Dodged            |    85 |   200 |   239 ||   524

Table legend:
 A = Non-vault XP
 B = Vault XP
 C = Vault XP percentage of total XP
 D = Non-vault monster count
 E = Vault monster count
 F = Vault count percentage of total count
                 A         B        C        D         E       F
            +---------+---------+-------+---------+---------+-------
      Total |    2473 |    2271 |  47.9 |     179 |      57 |  24.2
            +---------+---------+-------+---------+---------+-------
        D:1 |      59 |      13 |  18.1 |      31 |       5 |  13.9
        D:2 |      85 |       0 |   0.0 |      27 |       0 |   0.0
        D:3 |      60 |       3 |   4.8 |      23 |       2 |   8.0
        D:4 |     360 |       0 |   0.0 |      20 |       0 |   0.0
        D:5 |     580 |       0 |   0.0 |      29 |       0 |   0.0
        D:6 |     299 |      81 |  21.3 |      15 |      11 |  42.3
        D:7 |     555 |      47 |   7.8 |      17 |       3 |  15.0
        D:8 |     475 |    1049 |  68.8 |      17 |       3 |  15.0
    Ossuary |       0 |    1078 | 100.0 |       0 |      33 | 100.0
            +---------+---------+-------+---------+---------+-------
